AoeStats
← varunalur2879

Arabia

510224567Analyzed
4v4 RM · 4d ago on Sep 30, 2026· 31m 43s· 8 players
Game mode
Random Map
Map size
Large (8 player)
Population
200
Speed
Normal
Resources
Standard
Victory
Conquest
Starting age
Dark Age
Ending age
Imperial Age
RankedLock teamsTeams togetherTeam positionsShared explorationLock speedFull tech treeHidden civsTurbo modeCheats
Victory
Defeat
🇦🇷 Mongols · Argentina
1543
+10
🇦🇷 Varangians · Argentina
1519
+11
🇦🇷 Hindustanis · Argentina
1449
+13
🇦🇷 Vietnamese · Argentina
1402
+16
🇬🇧 Poles · United Kingdom
1406
-13
🇺🇸 Berbers · United States
1404
-13
🇺🇸 Malay · United States
1398
-12
🇮🇳 Burmese · India
1379
-12
varunalur2879
6:30 Loom
8:50 Feudal Age
9:24 Horse Collar
17:55 Bloodlines
22:26 Castle Age
21:00 Scale Barding Armor
27:41 Chain Barding Armor
27:54 Forging
30:38 Wheelbarrow
30:32 Husbandry
frivolous spender
6:21 Loom
8:49 Feudal Age
13:31 Fletching
20:03 Double-Bit Axe
23:59 Padded Archer Armor
30:53 Castle Age
29:43 Horse Collar
30:14 Gold Mining
Chase_The_Dragon
6:11 Loom
9:11 Feudal Age
13:11 Scale Barding Armor
15:26 Forging
20:41 Wheelbarrow
25:27 Castle Age
24:13 Gold Mining
24:27 Double-Bit Axe
25:56 Iron Casting
27:09 Husbandry
27:52 Light Cavalry
wagwan_son
5:29 Loom
9:30 Feudal Age
20:12 Horse Collar
20:27 Fletching
22:23 Padded Archer Armor
25:31 Gold Mining
31:41 Castle Age
30:41 Stone Mining
[TBArg] kaos_leo
8:56 Feudal Age
9:42 Double-Bit Axe
17:46 Loom
18:42 Forging
19:19 Bloodlines
20:12 Wheelbarrow
20:13 Scale Barding Armor
27:44 Castle Age
26:33 Gold Mining
27:24 Horse Collar
28:34 Husbandry
28:58 Chain Barding Armor
29:13 Iron Casting
29:19 Iron Casting
Hao_Arg
6:13 Loom
9:28 Feudal Age
9:31 Man-at-Arms
10:20 Double-Bit Axe
15:03 Fletching
22:33 Padded Archer Armor
27:54 Castle Age
26:04 Gold Mining
26:33 Horse Collar
28:38 Bodkin Arrow
28:05 Crossbowman
32:22 Ballistics
[TBArg] Search088
0:46 Loom
11:33 Feudal Age
14:02 Double-Bit Axe
15:41 Fletching
16:35 Padded Archer Armor
18:26 Gold Mining
26:53 Castle Age
26:57 Crossbowman
27:44 Bodkin Arrow
29:19 Thumb Ring
31:16 Wheelbarrow
31:28 Leather Archer Armor
[TBArg] Pichaco ツ
6:08 Loom
9:01 Feudal Age
7:39 Loom
9:39 Double-Bit Axe
9:58 Horse Collar
15:37 Forging
15:34 Scale Barding Armor
16:40 Forging
19:34 Bloodlines
25:12 Castle Age
24:56 Wheelbarrow
25:31 Gold Mining
25:18 Light Cavalry
26:19 Chain Barding Armor
26:01 Husbandry
26:12 Bow Saw
30:29 Heavy Plow
31:22 Iron Casting
Connection lost

Rejoining the realm…

Still unreachable

The connection could not be restored.

Session expired

The server has moved on; the page needs a fresh start.